 Dungeon Crawl Stone Soup version 0.29-a0-876-gfc89b1a5bd (webtiles) character file.

Game seed: 2688414267119432310

203 buhh the Chopper (level 6, -2/51 HPs)
             Began as a Meteoran Fighter on July 19, 2022.
             Slain by an ogre
             ... wielding a +0 giant club
              (25 damage)
             ... on level 4 of the Dungeon.
             The game lasted 00:06:07 (1279 turns).

buhh the Chopper (Meteoran Fighter)                 Turns: 1279, Time: 00:06:08

Health: -2/51      AC: 11    Str: 19    XL:     6   Next: 30%
Magic:  7/7        EV: 13    Int: 10    God:
Gold:   148        SH:  5    Dex: 14    Spells: 5/5 levels left

rFire   . . .      SeeInvis .   a - +0 war axe
rCold   . . .      Faith    .   c - +0 buckler
rNeg    . . .      Spirit   .   b - +0 scale mail
rPois   .          Reflect  .   o - +0 helmet
rElec   .          Harm     .   f - +0 cloak
rCorr   .          Rampage  .   k - +1 Delatra's gloves {ID++}
Will    .....                   (no boots)
Stlth   ..........              (no amulet)
HPRegen 0.17/turn               n - +4 ring of evasion
MPRegen 0.10/turn               (no ring)

@: glowing
A: sense surroundings 1, otherworldly, glowing, explore regen
a: no special abilities


You were on level 4 of the Dungeon.
You visited 1 branch of the dungeon, and saw 4 of its levels.

You collected 148 gold pieces.

Inventory:

Hand Weapons
 a - a +0 war axe (weapon)
Missiles
 s - 3 javelins (quivered)
 v - 4 poisoned darts
Armour
 b - a +0 scale mail (worn)
 c - a +0 buckler (worn)
 f - a +0 cloak (worn)
 k - the +1 Delatra's gloves (worn) {ID++}
   (You found it on level 2 of the Dungeon)

   It heals its wearer when they drink unknown potions.
   It restores its wearer's MP when they read unknown scrolls.
 o - a +0 helmet (worn)
Magical Staves
 h - a staff of earth
Jewellery
 l - a ring of positive energy
 n - a +4 ring of evasion (left hand)
Wands
 A - a wand of digging (4)
Scrolls
 e - 2 scrolls of identify {unknown}
 g - a scroll of summoning {unknown}
 i - a scroll of fog {unknown}
 j - 2 scrolls of immolation {unknown}
 p - a scroll of amnesia {unknown}
 q - a scroll of teleportation {unknown}
 t - a scroll of brand weapon {unknown}
 u - a scroll of fear {unknown}
Potions
 d - 3 potions of magic {unknown}
 m - a potion of might
 r - a potion of ambrosia {unknown}
 w - 2 potions of flight {unknown}
 x - a potion of haste {unknown}


   Skills:
 - Level 3.3 Fighting
 + Level 7.0 Axes
 - Level 3.6 Armour
 - Level 3.6 Shields


You had 5 spell levels left.
You didn't know any spells.
Your spell library contained the following spells:

 Spells                   Type           Power      Damage    Failure   Level
 Confusing Touch          Hex            0%         N/A       99%         3
 Ozocubu's Armour         Ice            0%         N/A       99%         3
 Yara's Violent Unravell  Hex/Tmut       0%         3d3       100%        5
 Enfeeble                 Hex            0%         N/A       100%        7
 Ozocubu's Refrigeration  Ice            0%         4d5       100%        7


Dungeon Overview and Level Annotations

Branches:
Dungeon (4/15) Zot: 1059
 Temple: D:4-7

Altars:
Ru
Uskayaw
The Shining One


Innate Abilities, Weirdness & Mutations

You passively map a small area around you.
You are easily found by Zot.
You glow in the dark.
You regain HP and MP as you explore.


Message History

You barely miss the ogre.
The ogre is severely wounded.
You closely miss the ball python. You barely miss the orc.
You closely miss the orc priest.
The ball python bites you but does no damage.
The ball python barely misses you. The orc closely misses you.
The ogre hits you with a +0 giant club. You block the orc priest's attack.
The ball python bites you. The ball python misses you.
The orc hits you but does no damage. The orc priest closely misses you.
You completely miss the ogre.
The ogre is severely wounded.
You barely miss the ball python. You closely miss the orc.
You barely miss the orc priest. The ogre hits you with a +0 giant club!
The ball python closely misses you. The ball python grabs you.
The ball python constricts you. The orc hits you with a +0 club.
The orc priest hits you but does no damage.
You barely miss the ogre.
The ogre is severely wounded.
You slash the ball python!
You kill the ball python!
You closely miss the orc. You hit the orc priest.
The orc hits you but does no damage.
The orc priest invokes the aid of Beogh against you.
Beogh smites you! The ogre closely misses you.
You completely miss the ogre.
The ogre is severely wounded.
You slash the dart slug! You closely miss the orc. You slash the orc priest!
You kill the orc priest!
The orc hits you but does no damage. The ogre barely misses you.
The dart slug launches a dart at you.
The slug dart hits you but does no damage.
Your Axes skill increases to level 7!
You barely miss the ogre.
The ogre is severely wounded.
You slash the dart slug!
You kill the dart slug!
You hit the orc. The orc barely misses you.
The orc hits you but does no damage.
The ogre hits you with a +0 giant club!!
You die...

#......................#######
#..........###.#######....###.
#........<.# #.##.............
############ #..†.#######..###
### ###.##.# *#.# *
....##......# .#
............## # ,
,.............# * ,
......O@.....# *
.......o)....# ,*
..............# *
.........(....# ,
..............# * ,
................ *
#...##..!.>##... #...,....###
#. *


You could see an ogre and an orc.

Vanquished Creatures
  An orc priest (D:4)
  Natasha (D:3)
  An orc wizard (D:3)
  Robin (D:2)
  6 dart slugs
  12 orcs
  8 endoplasms
  3 giant cockroaches (D:3)
  16 goblins
  9 hobgoblins
  A quokka (D:3)
  7 ball pythons
  3 bats
  3 frilled lizards
  7 kobolds
  8 rats
87 creatures vanquished.

Vanquished Creatures (others)
  A plant (D:4)
1 creature vanquished.

Grand Total: 88 creatures vanquished

Notes
Turn   | Place    | Note
-------+----------+-------------------------------------------
     0 | D:1      | buhh the Meteoran Fighter began the quest for the Orb.
     0 | D:1      | Reached XP level 1. HP: 19/19 MP: 2/2
    66 | D:1      | Found a faded altar of an unknown god.
    99 | D:1      | Reached XP level 2. HP: 15/26 MP: 3/3
   112 | D:1      | Reached skill level 3 in Axes
   194 | D:1      | Reached XP level 3. HP: 30/31 MP: 4/4
   199 | D:1      | Reached skill level 4 in Axes
   317 | D:2      | Found the +1 Delatra's gloves {ID++}
   441 | D:2      | Noticed Robin
   448 | D:2      | Reached XP level 4. HP: 38/38 MP: 5/5
   483 | D:2      | Killed Robin
   484 | D:2      | Reached skill level 5 in Axes
   502 | D:2      | Found a hide-covered altar of Uskayaw.
   725 | D:3      | Reached XP level 5. HP: 45/45 MP: 6/6
   775 | D:3      | Reached skill level 6 in Axes
   783 | D:3      | Found a glowing golden altar of the Shining One.
  1003 | D:3      | Noticed Natasha
  1009 | D:3      | Killed Natasha
  1068 | D:3      | Reached XP level 6. HP: 47/51 MP: 7/7
  1098 | D:4      | Found a sacrificial altar of Ru.
  1269 | D:4      | Noticed an ogre
  1279 | D:4      | Reached skill level 7 in Axes
  1279 | D:4      | Slain by an ogre

Illustrated notes

Levels and vault maps discovered:
D:1:      evilmike_arrival_hilbert_curve, layout_rooms, basic_ecumenical_altar,
          minmay_misc_feat_hallway, kennysheep_crisscross
D:2:      layout_basic, basic_altar, grunt_ministairs_10, uniq_robin
D:3:      layout_loops_corners, mainiacjoe_overflow_24_doors, st_stairs_14,
          kennysheep_generic_room_10, uniq_natasha
D:4:      layout_rooms, tgw_sif, mainiacjoe_overflow_tiny_flanked, serial_shops,
          shop

Skill      XL: |  1  2  3  4  5  6 |
---------------+-------------------+-----
Axes           | 3 4 5 6 7 |  7.0
Fighting       | |  3.3
Armour         | |  3.6
Shields        | |  3.6

Action                   |  1- 3 |  4- 6 || total
-------------------------+-------+-------++-------
Melee: War axe           |    62 |   131 ||   193
Armor: Scale mail        |    25 |    63 ||    88
Dodge: Dodged            |    16 |    81 ||    97
Block: Buckler           |    11 |    26 ||    37

Table legend: (Time is in decaauts)
 A = Elapsed time spent in this place.
 B = Non-inter-level travel time spent in this place.
 C = Inter-level travel time spent in this place.
 D = Time resting spent in this place.
 E = Time spent auto-exploring this place.
 F = Levels seen in this place.
 G = Mean time per level.
                   A        B        C        D        E       F      G
               +--------+--------+--------+--------+--------+-----+--------+
         Total |   1339 |   1339 |      0 |      0 |      0 |   4 |  334.8 |
       Dungeon |   1339 |   1339 |      0 |      0 |      0 |   4 |  334.8 |
               +--------+--------+--------+--------+--------+-----+--------+

Top non-repeatable levels by time:
     D:3: 490 daAuts
     D:2: 392 daAuts
     D:1: 331 daAuts
     D:4: 125 daAuts
